[Event "Titled Tuesday Blitz September 27 Early 2022"]
[White "Jaskolka, Tomasz"]
[Black "Fernandez De La Vara, Arnaldo"]
[WhiteFideId "1170791"]
[BlackFideId "3518388"]
[WhiteElo "2073"]
[BlackElo "2387"]
[Result "1-0"]
[Round "05"]
[TimeControl "180+1"]
[Date "2022.09.27"]
[WhiteClock "0:00:30"]
[BlackClock "0:00:02"]

1. d4 c5 2. d5 Nf6 3. Nc3 d6 4. e4 a6 5. a4 g6 6. f4 Bg7 7. Nf3 Bg4 8. Be2 O-O 9. Be3 Nbd7 10. O-O Ne8 11. Qd2 Nc7 12. h3 Bxf3 13. Bxf3 Rb8 14. a5 b5 15. axb6 Rxb6 16. Ra2 Qb8 17. Na4 Rb7 18. c3 Rd8 19. e5 Nb6 20. Nxb6 Rxb6 21. e6 Qb7 22. f5 Rb8 23. exf7+ Kh8 24. Bh6 Rf8 25. fxg6 hxg6 26. Be4 Ne6 27. Bxg6 Nd8 28. Qg5 e5 29. Bxg7+ Kxg7 30. Qf6+ Kh6 31. Bf5+ 1-0


[Site "https://www.chess.com"]

[Event "Titled Tuesday Blitz September 27 Early 2022"]
[White "Jean Louis, Marckens"]
[Black "Saydaliev, Saidakbar"]
[WhiteFideId "11900270"]
[BlackFideId "14203693"]
[WhiteElo "2031"]
[BlackElo "2265"]
[Result "0-1"]
[Round "05"]
[TimeControl "180+1"]
[Date "2022.09.27"]
[WhiteClock "0:00:31"]
[BlackClock "0:00:45"]

1. d4 Nf6 2. Nf3 d5 3. c4 e6 4. Nc3 a6 5. cxd5 exd5 6. a4 Be6 7. Bg5 Nbd7 8. e3 Bd6 9. Bd3 h6 10. Bh4 O-O 11. O-O c6 12. Ne2 Qb8 13. Bg3 Re8 14. Rc1 Bg4 15. Bxd6 Qxd6 16. Ng3 Ne4 17. Be2 Ndf6 18. Ne5 Bxe2 19. Qxe2 Qb4 20. Nf5 Qxa4 21. f3 Ng5 22. h4 Ne6 23. Nd6 Re7 24. Qf2 Qb4 25. Nf5 Ree8 26. Qg3 Kf8 27. h5 Rad8 28. Nxf7 Kxf7 29. Qg6+ Kf8 30. Nxh6 Qe7 31. Ng4 Qf7 32. Qd3 Qxh5 33. Ne5 Kg8 34. Kf2 Qh4+ 35. Ke2 Nh5 36. Rf2 Nef4+ 37. exf4 Nxf4+ 0-1


[Site "https://www.chess.com"]

[Event "Titled Tuesday Blitz September 27 Early 2022"]
[White "Kalashian, David"]
[Black "Babazada, Khazar"]
[WhiteFideId "13302418"]
[BlackFideId "13413554"]
[WhiteElo "2490"]
[BlackElo "2409"]
[Result "0-1"]
[Round "05"]
[TimeControl "180+1"]
[Date "2022.09.27"]
[WhiteClock "0:00:15"]
[BlackClock "0:01:21"]

1. d4 Nf6 2. c4 g6 3. Nc3 Bg7 4. e4 d6 5. Be2 O-O 6. Bg5 c5 7. d5 e6 8. Nf3 exd5 9. exd5 Bg4 10. O-O Re8 11. Re1 Nbd7 12. Qd2 a6 13. a4 Qa5 14. Bf4 Bf8 15. h3 Bxf3 16. Bxf3 Qb4 17. Rxe8 Rxe8 18. a5 b5 19. axb6 Nxb6 20. b3 Bg7 21. Rb1 Nh5 22. Ne4 Nxf4 23. Qxf4 f5 24. Ng3 Re1+ 25. Rxe1 Qxe1+ 26. Kh2 Be5 27. Qg5 Qxf2 28. Qd8+ Kf7 29. Qc7+ Ke8 30. Qb8+ Ke7 0-1


[Site "https://www.chess.com"]

[Event "Titled Tuesday Blitz September 27 Early 2022"]
[White "Khamdamova, Afruza"]
[Black "Roque Sola, Jose Luis"]
[WhiteFideId "14210444"]
[BlackFideId "5120390"]
[WhiteElo "1668"]
[BlackElo "1990"]
[Result "1-0"]
[Round "05"]
[TimeControl "180+1"]
[Date "2022.09.27"]
[WhiteClock "0:00:23"]
[BlackClock "0:00:01"]

1. e4 e6 2. d4 d5 3. Nd2 c5 4. Ngf3 cxd4 5. exd5 Qxd5 6. Bc4 Qd8 7. O-O Nf6 8. Nb3 Nc6 9. Nbxd4 Nxd4 10. Nxd4 a6 11. Bb3 Bd6 12. c3 O-O 13. Re1 Qc7 14. h3 Bh2+ 15. Kh1 Bf4 16. Qf3 Bxc1 17. Raxc1 Rb8 18. a4 b6 19. Qd3 b5 20. axb5 axb5 21. Nxb5 Qb6 22. Nd4 Ba6 23. Qe3 Nd5 24. Bxd5 exd5 25. b4 h6 26. Qe5 Bc4 27. Re3 Rbe8 28. Qxe8 Rxe8 29. Rxe8+ Kh7 30. Rce1 Qa6 31. R8e7 Qa3 32. R1e3 Qc1+ 33. Kh2 Kg8 34. Rf3 f6 35. Rg3 Qf4 36. Ne6 Qd6 37. Rxg7+ Kh8 38. Nd4 h5 39. Nf5 Qe5 40. Nh4 Qf4 41. Ng6+ 1-0


[Site "https://www.chess.com"]

[Event "Titled Tuesday Blitz September 27 Early 2022"]
[White "Koellner, Ruben Gideon"]
[Black "Mihailidis, Anastasios"]
[WhiteFideId "12993093"]
[BlackFideId "4205588"]
[WhiteElo "2286"]
[BlackElo "2312"]
[Result "1/2-1/2"]
[Round "05"]
[TimeControl "180+1"]
[Date "2022.09.27"]
[WhiteClock "0:01:28"]
[BlackClock "0:01:11"]

1. d4 d5 2. Nf3 Nf6 3. Nbd2 e6 4. e3 Be7 5. Bd3 O-O 6. O-O c5 7. c3 Nc6 8. dxc5 Bxc5 9. b4 Bd6 10. a3 Ne5 11. Nxe5 Bxe5 12. Bb2 Bd7 13. Nf3 Bd6 14. c4 dxc4 15. Bxc4 Bc7 16. Rc1 Bc6 17. b5 Qxd1 18. Rfxd1 Bxf3 19. gxf3 Rfd8 20. Be2 Bb6 21. f4 Rxd1+ 22. Rxd1 Rd8 23. Rxd8+ Bxd8 24. Bf3 Nd5 25. Bxd5 exd5 26. Bd4 a6 27. bxa6 bxa6 28. Kf1 f6 29. Ke2 Kf7 30. Kd3 Ke6 31. Kc3 Ba5+ 32. Kb3 Be1 33. f3 Kd6 34. a4 Kc6 35. Kc2 Bb4 36. Kd3 Be7 37. h3 g6 38. e4 dxe4+ 39. fxe4 g5 40. fxg5 fxg5 41. Kc4 h5 42. Bg7 g4 43. hxg4 hxg4 44. Bd4 g3 45. Kd3 Bc5 46. Bxc5 Kxc5 47. Ke3 g2 48. Kf2 Kb4 49. e5 Kc5 50. Kxg2 Kd5 51. Kf3 Kxe5 52. Ke3 Kd5 53. Kd3 Kc5 54. Kc3 a5 55. Kb3 Kd4 56. Ka2 Kc4 57. Ka1 Kb4 58. Ka2 Kxa4 59. Ka1 Kb3 60. Kb1 a4 61. Ka1 a3 62. Kb1 Kb4 63. Ka1 Ka4 64. Kb1 Kb3 65. Ka1 a2 1/2-1/2


[Site "https://www.chess.com"]

[Event "Titled Tuesday Blitz September 27 Early 2022"]
[White "Koziorowicz, Michal"]
[Black "Jobava, Baadur"]
[WhiteFideId "21809194"]
[BlackFideId "13601520"]
[WhiteElo "2220"]
[BlackElo "2582"]
[Result "1-0"]
[Round "05"]
[TimeControl "180+1"]
[Date "2022.09.27"]
[WhiteClock "0:01:41"]
[BlackClock "0:01:37"]

1. e4 e6 2. d4 d5 3. Nd2 dxe4 4. Nxe4 Bd7 5. Nf3 Bc6 6. Bd3 Nd7 7. O-O Ngf6 8. Ned2 g6 9. c3 Bg7 10. Re1 O-O 11. Qc2 b6 12. Ne4 Bb7 13. Bg5 h6 14. Bh4 Qc8 15. Rad1 Nxe4 16. Bxe4 Re8 17. Ne5 Nf8 18. Qd3 c5 19. Qf3 Bxe4 20. Qxf7+ Kh7 21. Rxe4 Rb8 22. Nxg6 cxd4 23. Rg4 Rb7 24. Nxf8+ Kh8 25. Ng6+ Kh7 26. Ne7 1-0


[Site "https://www.chess.com"]

[Event "Titled Tuesday Blitz September 27 Early 2022"]
[White "Krishnan, Varun"]
[Black "Jovic, Stanoje"]
[WhiteFideId "5054508"]
[BlackFideId "905020"]
[WhiteElo "2621"]
[BlackElo "2238"]
[Result "1-0"]
[Round "05"]
[TimeControl "180+1"]
[Date "2022.09.27"]
[WhiteClock "0:00:04"]
[BlackClock "0:00:14"]

1. e4 c6 2. d4 d5 3. exd5 cxd5 4. c4 Nf6 5. Nc3 Nc6 6. Bg5 dxc4 7. Bxc4 e6 8. Nf3 Be7 9. O-O O-O 10. a3 a6 11. Rc1 b5 12. Ba2 Bb7 13. Qd3 Rc8 14. Rfe1 b4 15. Na4 bxa3 16. bxa3 Qa5 17. Nc5 Ba8 18. Bxf6 Bxf6 19. Nd7 Rfd8 20. Nxf6+ gxf6 21. Qe3 Ne7 22. Rxc8 Nxc8 23. Rc1 Qf5 24. Bb1 Qg4 25. h3 Qh5 26. Be4 Bxe4 27. Qxe4 Nd6 28. Qf4 Qf5 29. Qh4 Qg6 30. Ne5 Qg5 31. Qxg5+ fxg5 32. Rc6 Nb5 33. a4 Nxd4 34. Rxa6 h5 35. a5 Ne2+ 36. Kh2 Rd5 37. Nc6 Rd2 38. Ra8+ Kg7 39. a6 h4 40. a7 Nf4 41. Rb8 Rxf2 42. a8=Q Rxg2+ 43. Kh1 Rg3 44. Rg8+ Kf6 45. Qd8+ Kf5 46. Ne7+ Ke4 47. Qa8+ Ke3 48. Qa3+ Kf2 49. Qc5+ Kf1 50. Qc1+ Kf2 51. Qd2+ Kf1 52. Qd1+ Kf2 53. Qc2+ Kf1 54. Qh2 Rxh3 55. Rxg5 Rxh2+ 56. Kxh2 Kf2 57. Rg4 e5 58. Rxh4 Kf3 59. Nc6 f6 60. Rh6 Nd5 61. Rh7 e4 62. Kg1 e3 63. Kf1 e2+ 64. Ke1 Ne3 65. Rh3+ Ke4 66. Kxe2 Nd5 67. Rh4+ Nf4+ 68. Kf2 Kf5 69. Kf3 Nd3 70. Nd4+ Kg5 71. Rg4+ Kh5 72. Rg1 Ne5+ 73. Ke4 Ng4 74. Kf5 Ne3+ 75. Kxf6 Nd5+ 76. Ke5 Ne3 77. Nf5 Nc4+ 78. Kf4 1-0


[Site "https://www.chess.com"]

[Event "Titled Tuesday Blitz September 27 Early 2022"]
[White "Kuchava, Ana"]
[Black "Begunov, Konstantin"]
[WhiteFideId "13605348"]
[BlackFideId "4118510"]
[WhiteElo "1955"]
[BlackElo "2165"]
[Result "1-0"]
[Round "05"]
[TimeControl "180+1"]
[Date "2022.09.27"]
[WhiteClock "0:00:15"]
[BlackClock "0:00:37"]

1. d4 d5 2. Nf3 c6 3. Bf4 Qb6 4. Qc1 Bf5 5. c3 e6 6. e3 h6 7. h3 Nf6 8. Be2 c5 9. O-O Nc6 10. Nbd2 Rc8 11. Nb3 cxd4 12. exd4 Be7 13. Ne5 O-O 14. Qe3 a5 15. g4 Bh7 16. h4 a4 17. g5 hxg5 18. hxg5 Nxe5 19. gxf6 gxf6 20. dxe5 axb3 21. Qxb6 1-0


[Site "https://www.chess.com"]

[Event "Titled Tuesday Blitz September 27 Early 2022"]
[White "Kukreja, Sankalp"]
[Black "Blokhin, Sofia"]
[WhiteFideId "45027676"]
[BlackFideId "4508190"]
[WhiteElo "2004"]
[BlackElo "1771"]
[Result "1-0"]
[Round "05"]
[TimeControl "180+1"]
[Date "2022.09.27"]
[WhiteClock "0:00:15"]
[BlackClock "0:00:01"]

1. e4 c5 2. Nf3 Nc6 3. d4 cxd4 4. Nxd4 e5 5. Nb5 d6 6. N1c3 a6 7. Na3 Be7 8. Nd5 b5 9. Be3 Rb8 10. Be2 Nf6 11. Bf3 Be6 12. O-O O-O 13. c3 Bxd5 14. exd5 Na5 15. Qd3 Nb7 16. Rfe1 Nd7 17. Nc2 Nbc5 18. Qd2 f5 19. Nb4 Qe8 20. Nc6 Rc8 21. Rad1 f4 22. Bxc5 Nxc5 23. Nxe5 dxe5 24. d6 Bf6 25. d7 Nxd7 26. Qxd7 Qxd7 27. Rxd7 Rfd8 28. Red1 Rxd7 29. Rxd7 Rd8 30. Rxd8+ Bxd8 31. b4 a5 32. Bc6 axb4 33. cxb4 Be7 34. a3 Kf7 35. Bxb5 Ke6 36. Bc4+ Kd6 37. f3 Kc6 38. Kf2 Kb6 39. Ke2 g5 40. Kd3 Bd6 41. Ke4 Kc6 42. Kf5 h6 43. Kg6 Bf8 44. Kf7 Bd6 45. Kg7 1-0


[Site "https://www.chess.com"]

[Event "Titled Tuesday Blitz September 27 Early 2022"]
[White "Kvaloy, Aksel Bu"]
[Black "Schekachikhin, Maksim"]
[WhiteFideId "1528815"]
[BlackFideId "24177830"]
[WhiteElo "1998"]
[BlackElo "2226"]
[Result "0-1"]
[Round "05"]
[TimeControl "180+1"]
[Date "2022.09.27"]
[WhiteClock "0:00:03"]
[BlackClock "0:00:57"]

1. e4 d6 2. d4 Nf6 3. Nc3 g6 4. Be3 a6 5. h4 b5 6. h5 Nxh5 7. Rxh5 gxh5 8. Qxh5 Bb7 9. Nf3 e6 10. Ng5 Qe7 11. O-O-O Nd7 12. d5 e5 13. Be2 Nf6 14. Qh3 Bc8 15. Qh4 Bd7 16. g4 O-O-O 17. a4 h6 18. axb5 axb5 19. Bxb5 Bxb5 20. Nxb5 Nxe4 21. Na7+ Kb7 22. Nc6 Qf6 23. Qh1 Nxg5 24. f4 exf4 25. Bd4 Qg6 26. Bxh8 Ra8 27. Qf1 Qe4 28. Qb5+ Kc8 29. b3 f3 30. Bf6 f2 31. Ne7+ Bxe7 32. Qe8+ Bd8 33. Qxd8+ Kb7 34. Qd7 Qf4+ 35. Kb1 Qxf6 36. Qc6+ Kb8 37. Qe8+ Ka7 38. Qa4+ Kb7 39. Qc6+ Kc8 40. Qxa8+ Kd7 41. Qa4+ Ke7 42. Qc4 Kf8 43. Qxc7 f1=Q 44. Rxf1 Qxf1+ 45. Kb2 Qf6+ 46. Ka2 Ne4 47. b4 Nc3+ 48. Kb3 Nxd5 49. Qc8+ Kg7 50. b5 Qd4 51. Qc6 Qb4+ 52. Ka2 Nc3+ 53. Ka1 Qa3# 0-1


[Site "https://www.chess.com"]

[Event "Titled Tuesday Blitz September 27 Early 2022"]
[White "Kvon, Andrey"]
[Black "Bacrot, Etienne"]
[WhiteFideId "14201356"]
[BlackFideId "605506"]
[WhiteElo "2458"]
[BlackElo "2666"]
[Result "1/2-1/2"]
[Round "05"]
[TimeControl "180+1"]
[Date "2022.09.27"]
[WhiteClock "0:00:12"]
[BlackClock "0:00:05"]

1. d4 d5 2. c4 c6 3. Nf3 Nf6 4. e3 a6 5. a4 g6 6. Be2 Bg7 7. O-O O-O 8. Nc3 Bg4 9. Qb3 Ra7 10. h3 Bxf3 11. Bxf3 e6 12. a5 Nbd7 13. Rd1 Qc7 14. Bd2 Raa8 15. Rdc1 Qb8 16. Na4 Re8 17. Bb4 h5 18. Qa3 Qd8 19. Qb3 Qb8 20. Bc5 Nh7 21. Qa3 Ng5 22. Be2 Ne4 23. b4 f5 24. Nc3 Ndf6 25. Ra2 Kh7 26. b5 Nxc5 27. dxc5 Ne4 28. Nxe4 fxe4 29. f3 exf3 30. Bxf3 Qe5 31. Qd3 Rf8 32. cxd5 exd5 33. bxc6 bxc6 34. Rb1 Rae8 35. Rb7 Kh6 36. Rf2 Qxe3 37. Qxe3+ Rxe3 38. Rc7 Bd4 39. Kf1 Bxc5 40. Rxc6 Bb4 41. Re2 Rxe2 42. Kxe2 Re8+ 43. Kd3 Bxa5 44. Rxa6 Bd8 45. Bxd5 Rf8 46. Be4 Rf6 47. Ra8 Rd6+ 48. Kc4 Kg5 49. Bd5 Kf4 50. Ra3 Be7 51. Rf3+ Kg5 52. g3 Ra6 53. Kb5 Ra1 54. Bf7 Bd6 55. Rd3 Be5 56. h4+ Kf6 57. Be8 Rg1 58. Rf3+ Kg7 59. Re3 Bxg3 60. Re7+ Kh6 61. Re6 Bxh4 62. Kc4 Rg5 63. Kd3 Bg3 64. Ke2 h4 65. Rxg6+ Rxg6 66. Bxg6 h3 67. Kf1 Kxg6 68. Kg1 Kg5 69. Kh1 Kh4 70. Kg1 Bf2+ 71. Kh1 Kg3 1/2-1/2


[Site "https://www.chess.com"]

[Event "Titled Tuesday Blitz September 27 Early 2022"]
[White "Lahdelma, Henri"]
[Black "Lopez Martinez, Josep Manuel"]
[WhiteFideId "510394"]
[BlackFideId "2212943"]
[WhiteElo "2210"]
[BlackElo "2471"]
[Result "1-0"]
[Round "05"]
[TimeControl "180+1"]
[Date "2022.09.27"]
[WhiteClock "0:00:56"]
[BlackClock "0:00:01"]

1. d4 Nf6 2. c4 e6 3. Nf3 d5 4. g3 dxc4 5. Bg2 a6 6. O-O Nc6 7. e3 Rb8 8. a4 Be7 9. Qc2 b5 10. axb5 axb5 11. Nc3 O-O 12. b3 b4 13. Na4 c3 14. Rd1 Bb7 15. e4 Nd7 16. Bf4 Qc8 17. h4 h6 18. Bh3 Nd8 19. d5 Bd6 20. Kh2 Bxf4 21. gxf4 Nf6 22. Nc5 Kh8 23. Ne5 Ra8 24. dxe6 Rxa1 25. Rxa1 Nxe6 26. Nxe6 fxe6 27. Ng6+ Kh7 28. e5 Be4 29. Nxf8+ Qxf8 30. Qe2 Bg6 31. exf6 Qxf6 32. Qe3 c2 33. Rc1 Qxh4 34. Kg2 Qf6 35. Bxe6 c5 36. f5 Bh5 37. Rxc2 Bg4 38. Rxc5 1-0


[Site "https://www.chess.com"]

[Event "Titled Tuesday Blitz September 27 Early 2022"]
[White "Lauridsen, Jesper Morch"]
[Black "Jimenez Almeida, Luis David"]
[WhiteFideId "1401890"]
[BlackFideId "22242244"]
[WhiteElo "2245"]
[BlackElo "2077"]
[Result "1/2-1/2"]
[Round "05"]
[TimeControl "180+1"]
[Date "2022.09.27"]
[WhiteClock "0:00:04"]
[BlackClock "0:00:43"]

1. e4 c6 2. d4 Na6 3. Nf3 g6 4. Nc3 Nc7 5. Bg5 Bg7 6. h4 h6 7. Be3 d6 8. Bd3 Bg4 9. Qd2 Nf6 10. Nh2 Bc8 11. f3 b5 12. g4 h5 13. g5 Nd7 14. a3 a5 15. f4 e5 16. fxe5 dxe5 17. d5 cxd5 18. exd5 Bb7 19. O-O O-O 20. d6 Ne6 21. Nxb5 Ndc5 22. Nc7 Nxc7 23. Bxc5 Ne6 24. b4 e4 25. Bc4 axb4 26. Bxb4 Bxa1 27. Rxa1 Qb6+ 28. Kf1 e3 29. Qe2 Qc6 30. Ke1 Qh1+ 31. Nf1 Nd4 32. Qd3 e2 33. Qxg6+ Kh8 34. Qh6+ Kg8 35. Qg6+ Kh8 36. Qxh5+ Kg8 37. Qg6+ Kh8 38. Qh6+ Kg8 39. Qg6+ Kh8 40. Qh6+ Kg8 41. Qg6+ 1/2-1/2


[Site "https://www.chess.com"]

[Event "Titled Tuesday Blitz September 27 Early 2022"]
[White "Lazavik, Denis"]
[Black "Mahdavi, Reza"]
[WhiteFideId "13515110"]
[BlackFideId "12595926"]
[WhiteElo "2437"]
[BlackElo "2240"]
[Result "1/2-1/2"]
[Round "05"]
[TimeControl "180+1"]
[Date "2022.09.27"]
[WhiteClock "0:00:06"]
[BlackClock "0:00:18"]

1. d4 Nf6 2. c4 g6 3. g3 Bg7 4. Bg2 d6 5. Nc3 O-O 6. Nf3 c5 7. O-O Nc6 8. dxc5 dxc5 9. Bf4 Be6 10. Ne5 Nxe5 11. Bxe5 Qb6 12. Na4 Qa5 13. b3 Rad8 14. Qc1 b6 15. Nc3 Rd7 16. Bc6 Rdd8 17. Qb2 Qa6 18. Bg2 Rd7 19. Nd5 Bxd5 20. cxd5 Rfd8 21. e4 Ne8 22. Bxg7 Nxg7 23. h4 e6 24. Rfe1 exd5 25. exd5 Nf5 26. h5 Nd4 27. h6 Qd3 28. Rad1 Qf5 29. Rxd4 cxd4 30. Qxd4 f6 31. Qc4 Rd6 32. Re7 Qg5 33. Rxa7 Qxh6 34. Re7 Qf8 35. Qc7 Qh6 36. Re6 R6d7 37. Qxb6 Qc1+ 38. Kh2 Qh6+ 39. Kg1 Qc1+ 40. Kh2 Qh6+ 41. Kg1 1/2-1/2


[Site "https://www.chess.com"]

[Event "Titled Tuesday Blitz September 27 Early 2022"]
[White "Le, Tuan Minh"]
[Black "Hardaway, Brewington"]
[WhiteFideId "12401153"]
[BlackFideId "30941849"]
[WhiteElo "2530"]
[BlackElo "1813"]
[Result "1/2-1/2"]
[Round "05"]
[TimeControl "180+1"]
[Date "2022.09.27"]
[WhiteClock "0:00:06"]
[BlackClock "0:00:20"]

1. d4 Nf6 2. Nf3 e6 3. Bf4 c5 4. c3 Nc6 5. e3 d5 6. Nbd2 Bd6 7. Bg3 O-O 8. Bb5 Ne7 9. Bd3 b6 10. O-O Bb7 11. Qe2 Ng6 12. Rfd1 Bxg3 13. hxg3 Qc7 14. Rac1 Rac8 15. Qe1 Qe7 16. Bb1 Ne4 17. dxc5 Nxc5 18. c4 dxc4 19. Nxc4 Rfd8 20. b3 Rxd1 21. Rxd1 Rd8 22. Rd2 Ne4 23. Rd4 Rxd4 24. Nxd4 Nd6 25. Qb4 Nxc4 26. Qxc4 Qd7 27. Bxg6 hxg6 28. f3 e5 29. Ne2 Bc6 30. Nc3 Qd6 31. e4 Kf8 32. Kh2 g5 33. g4 Qh6+ 34. Kg1 Qd6 35. b4 Qd4+ 36. Qxd4 exd4 37. Nb1 Ke7 38. Kf2 Kd6 39. Nd2 Bb5 40. g3 Ke5 41. a3 g6 42. Nb3 Bc4 43. Nd2 Bb5 44. Nb3 Bd3 45. Nd2 Bb5 1/2-1/2


[Site "https://www.chess.com"]

[Event "Titled Tuesday Blitz September 27 Early 2022"]
[White "Levitskiy, Andrey"]
[Black "Levitan, Caleb Levi"]
[WhiteFideId "14132885"]
[BlackFideId "14332620"]
[WhiteElo "2303"]
[BlackElo "1811"]
[Result "0-1"]
[Round "05"]
[TimeControl "180+1"]
[Date "2022.09.27"]
[WhiteClock "0:00:14"]
[BlackClock "0:00:13"]

1. e4 c5 2. Nf3 e6 3. d4 cxd4 4. Nxd4 a6 5. Nc3 b5 6. a3 Bb7 7. g3 Nc6 8. Bg2 Bc5 9. Nb3 Ba7 10. O-O Nge7 11. Kh1 O-O 12. f4 Nb8 13. g4 d5 14. e5 Nd7 15. Qe2 Ng6 16. Be3 Bxe3 17. Qxe3 Qb6 18. Nd4 Rac8 19. Rad1 Rce8 20. Qg3 f6 21. exf6 Nxf6 22. f5 exf5 23. Nxf5 Ne4 24. Nxe4 dxe4 25. Rd7 Kh8 26. Rfd1 Bc8 27. R7d6 Qc7 28. Nxg7 Qxg7 29. Rc6 e3 30. Rc7 Qe5 31. Re1 Qxg3 32. hxg3 Bxg4 33. Bc6 e2 34. Kg2 Re3 35. Bd5 Rf1 36. Rxe2 Bxe2 37. Rc8+ Kg7 38. Rg8+ Kh6 39. g4 Rd1 40. g5+ Kxg5 41. Bb3 Bf3+ 42. Kf2 Rxb3 43. cxb3 Bd5 44. Rd8 Bxb3 45. Ra8 Rd2+ 46. Ke3 Rc2 47. Rxa6 Rxb2 48. Rb6 Bc4 49. Kd4 Rb3 50. a4 Ra3 51. axb5 Bxb5 52. Rxb5+ Kg4 53. Rb6 Nf4 54. Ke4 h5 55. Rb8 Ra4+ 56. Ke3 Nd5+ 57. Kf2 Ra2+ 58. Kf1 Ne3+ 59. Ke1 h4 60. Rg8+ Kh3 61. Re8 Ng4 62. Rb8 Kg3 63. Rb3+ Kg2 64. Rb4 Kf3 65. Rb7 h3 66. Rh7 Kg2 67. Rg7 Kg3 68. Rh7 h2 69. Kf1 Ra1+ 70. Ke2 h1=Q 71. Rf7 Qg2+ 72. Kd3 Ra3+ 73. Kc4 Qc2+ 74. Kb5 Qb3+ 0-1


[Site "https://www.chess.com"]

[Event "Titled Tuesday Blitz September 27 Early 2022"]
[White "Ljukin, Sergei"]
[Black "Tasev, Dejan"]
[WhiteFideId "14102200"]
[BlackFideId "936618"]
[WhiteElo "2312"]
[BlackElo "2256"]
[Result "0-1"]
[Round "05"]
[TimeControl "180+1"]
[Date "2022.09.27"]
[WhiteClock "0:00:04"]
[BlackClock "0:00:41"]

1. e4 e5 2. Nf3 Nc6 3. Bb5 a6 4. Ba4 b5 5. Bb3 Nf6 6. Qe2 Be7 7. c3 O-O 8. d4 d6 9. O-O Bg4 10. Rd1 Qc8 11. a4 b4 12. a5 bxc3 13. bxc3 exd4 14. cxd4 Re8 15. Ba4 Bd7 16. Nc3 Bf8 17. Qc2 Nb4 18. Qb1 c5 19. e5 Bxa4 20. Nxa4 Nd7 21. dxc5 dxe5 22. Qxb4 e4 23. Nd4 Ne5 24. Nb6 Qg4 25. Be3 Nf3+ 26. Kh1 Nh4 27. Rg1 Ra7 28. Qc4 Re5 29. Qe2 Qg6 30. Rac1 Rh5 31. Bf4 Nf5 0-1


[Site "https://www.chess.com"]

[Event "Titled Tuesday Blitz September 27 Early 2022"]
[White "Lorenzo De La Riva, Lazaro"]
[Black "Guz, Ari"]
[WhiteFideId "2268809"]
[BlackFideId "2825759"]
[WhiteElo "2325"]
[BlackElo "1913"]
[Result "0-1"]
[Round "05"]
[TimeControl "180+1"]
[Date "2022.09.27"]
[WhiteClock "0:00:16"]
[BlackClock "0:00:54"]

1. e4 c6 2. d4 d6 3. Nf3 g6 4. Nc3 Bg7 5. Bc4 Bg4 6. h3 Bxf3 7. Qxf3 e6 8. Be3 Ne7 9. O-O-O Nd7 10. h4 h6 11. h5 g5 12. Rhe1 Qa5 13. Kb1 b5 14. Bb3 Nb6 15. e5 d5 16. Bd2 Qa6 17. Qe2 Nf5 18. Be3 Nc4 19. g4 Nfxe3 20. fxe3 O-O 21. e4 Qb6 22. Rd3 a5 23. Rf3 Qxd4 24. exd5 cxd5 25. Rd3 Qb6 26. Rf1 a4 27. Bxc4 bxc4 28. Rdf3 Rab8 29. Nd1 Qc7 30. Rc3 Qxe5 31. Qxe5 Bxe5 32. Re3 Bg7 33. Ra3 Rb7 34. Rxa4 Bxb2 35. Nxb2 Rfb8 36. Kc1 c3 37. Rf3 cxb2+ 38. Kb1 Rb4 39. Rb3 Rxa4 40. Rxb8+ Kg7 41. Rxb2 Rxg4 42. Rb3 Ra4 43. Kb2 g4 44. Rg3 f5 45. Kb3 Ra7 46. a4 Kf6 47. Kb4 Kg5 48. Kb5 f4 49. Rg1 f3 50. a5 f2 51. Rf1 g3 52. Kb6 Rxa5 53. Kxa5 g2 54. Rxf2 g1=Q 55. Re2 Qc5+ 56. Ka6 Qc4+ 57. Ka7 Qxe2 58. c4 Qxc4 59. Ka8 Qb5 60. Ka7 Kf6 61. Ka8 Ke7 62. Ka7 Kd6 63. Ka8 Kc6 64. Ka7 Qb7# 0-1


[Site "https://www.chess.com"]

[Event "Titled Tuesday Blitz September 27 Early 2022"]
[White "Luxama, Jacques Muller"]
[Black "Shapiro, Daniel"]
[WhiteFideId "11900113"]
[BlackFideId "2001780"]
[WhiteElo "1931"]
[BlackElo "2215"]
[Result "0-1"]
[Round "05"]
[TimeControl "180+1"]
[Date "2022.09.27"]
[WhiteClock "0:00:03"]
[BlackClock "0:00:09"]

1. e4 c5 2. Nc3 a6 3. f4 b5 4. Nf3 e6 5. d3 Bb7 6. Be2 b4 7. Nb1 d5 8. Nbd2 g6 9. O-O Ne7 10. a3 a5 11. axb4 axb4 12. Rxa8 Bxa8 13. c3 bxc3 14. bxc3 Bg7 15. Qc2 Qb6 16. Kh1 O-O 17. e5 Nbc6 18. Ba3 Nf5 19. Rb1 Qa7 20. Qc1 Rc8 21. Ra1 Qb6 22. Rb1 Qa5 23. Ra1 f6 24. c4 fxe5 25. fxe5 Nxe5 26. Nxe5 Bxe5 27. Rb1 Qc7 28. Nf3 Bf4 29. Qb2 d4 30. Qb6 Kf7 31. Qxc7+ Rxc7 32. Rb5 Bd6 33. Ng5+ Ke7 34. Bf3 Bxf3 35. Nxf3 h6 36. Nd2 Kd7 37. Ne4 Be7 38. Nxc5+ Ke8 39. Nxe6 Ra7 0-1


[Site "https://www.chess.com"]

[Event "Titled Tuesday Blitz September 27 Early 2022"]
[White "Machidon, Cristi"]
[Black "Deuer, Marius"]
[WhiteFideId "13904590"]
[BlackFideId "16236432"]
[WhiteElo "2312"]
[BlackElo "2059"]
[Result "1-0"]
[Round "05"]
[TimeControl "180+1"]
[Date "2022.09.27"]
[WhiteClock "0:00:09"]
[BlackClock "0:00:21"]

1. d4 Nf6 2. c4 c5 3. d5 e6 4. Nc3 exd5 5. cxd5 d6 6. e4 g6 7. h3 Bg7 8. Nf3 O-O 9. Bd3 b6 10. O-O Ba6 11. Re1 Bxd3 12. Qxd3 Nbd7 13. Bf4 Ne8 14. Bh2 Ne5 15. Nxe5 dxe5 16. a4 a6 17. Reb1 Nd6 18. b4 c4 19. Qe2 b5 20. f3 Re8 21. Kh1 f5 22. Bg1 Qd7 23. Bc5 fxe4 24. fxe4 Nf7 25. Ra2 Bf8 26. axb5 axb5 27. Rba1 Rxa2 28. Rxa2 Bxc5 29. bxc5 b4 30. Na4 b3 31. Ra3 Qb5 32. c6 Nd6 33. Nb2 c3 34. Qxb5 Nxb5 35. Rxb3 cxb2 36. Rxb5 1-0


[Site "https://www.chess.com"]

[Event "Titled Tuesday Blitz September 27 Early 2022"]
[White "Madaminov, Mukhiddin"]
[Black "Sharifov, Mekhriddin"]
[WhiteFideId "14210703"]
[BlackFideId "14701545"]
[WhiteElo "2106"]
[BlackElo "1540"]
[Result "0-1"]
[Round "05"]
[TimeControl "180+1"]
[Date "2022.09.27"]
[WhiteClock "0:00:04"]
[BlackClock "0:00:04"]

1. d4 Nf6 2. Nc3 d5 3. Bf4 Bf5 4. f3 h6 5. g4 Bh7 6. h4 e6 7. e3 a6 8. Bd3 Bxd3 9. Qxd3 c5 10. Nge2 Nc6 11. O-O-O c4 12. Qd2 b5 13. g5 b4 14. gxf6 bxc3 15. Nxc3 Qxf6 16. e4 Bb4 17. Qe3 Bxc3 18. bxc3 O-O 19. Rdg1 e5 20. Bxh6 exd4 21. cxd4 g6 22. Bxf8 Rxf8 23. c3 Rb8 24. Kc2 Ne7 25. h5 dxe4 26. fxe4 Qc6 27. Rc1 Qa4+ 28. Kd2 Rb2+ 29. Ke1 Qxa2 30. hxg6 Nxg6 31. Qf3 Rd2 32. Rf1 Rh2 33. Qxf7+ Kh8 34. Qe8+ Kh7 35. Qf7+ Kh6 36. Qf3 Qd2# 0-1


[Site "https://www.chess.com"]

[Event "Titled Tuesday Blitz September 27 Early 2022"]
[White "Manukian, Artak"]
[Black "Rivas Garcia, Victor"]
[WhiteFideId "13301373"]
[BlackFideId "2217740"]
[WhiteElo "2502"]
[BlackElo "2305"]
[Result "1-0"]
[Round "05"]
[TimeControl "180+1"]
[Date "2022.09.27"]
[WhiteClock "0:00:11"]
[BlackClock "0:00:08"]

1. e4 c5 2. Nf3 Nc6 3. c3 Nf6 4. e5 Nd5 5. d4 cxd4 6. cxd4 e6 7. Nc3 Nxc3 8. bxc3 d6 9. Bd3 dxe5 10. dxe5 Be7 11. O-O O-O 12. Qe2 Qc7 13. Qe4 g6 14. Bh6 Rd8 15. Rfd1 b6 16. Qf4 Bb7 17. h4 Rd5 18. Be4 Rxd1+ 19. Rxd1 Rd8 20. Rxd8+ Nxd8 21. Bxb7 Nxb7 22. Bg5 Nc5 23. Bxe7 Qxe7 24. h5 Nd7 25. h6 Nc5 26. Nh2 Qd8 27. Ng4 Nd3 28. Nf6+ Kh8 29. Qd2 b5 30. Kf1 b4 31. Ke2 Nf4+ 32. Qxf4 bxc3 33. Qc1 Qd4 34. Qe3 Qc4+ 35. Qd3 Qxa2+ 36. Ke3 Qd2+ 37. Qxd2 cxd2 38. Kxd2 a5 39. Kc3 g5 40. Kb3 g4 41. Nxg4 Kg8 42. Ka4 Kf8 43. Kxa5 Ke7 44. Nf6 1-0


[Site "https://www.chess.com"]